 Dungeon Crawl Stone Soup version 0.29.0-11-gd7f09526c8 (webtiles) character file.

Game seed: 18399043545872911308

92 greasedhog the Sneak (level 4, -1/24 HPs)
             Began as a Kobold Hedge Wizard on Sept 6, 2022.
             Slain by an orc
             ... wielding a +0 dagger
              (3 damage)
             ... on level 3 of the Dungeon.
             The game lasted 00:03:59 (3119 turns).

greasedhog the Sneak (Kobold Hedge Wizard)          Turns: 3119, Time: 00:04:00

Health: -1/24      AC:  4    Str:  5 (7)  XL:     4   Next: 90%
Magic:  8/8        EV: 18    Int: 12 (15) God:
Gold:   117        SH:  0    Dex: 13 (16) Spells: 8/9 levels left

rFire   . . .      SeeInvis .   b - +0 short sword
rCold   . . .      Faith    .   (no shield)
rNeg    . . .      Spirit   .   f - +0 robe
rPois   .          Reflect  .   c - +0 hat
rElec   .          Harm     .   g - +0 cloak
rCorr   .          Rampage  .   p - +0 pair of gloves
Will    .....                   (no boots)
Stlth   ++++......              (no amulet)
HPRegen 0.08/turn               l - ring of flight
MPRegen 0.11/turn               u - +4 ring of evasion

@: flying
A: small, no large weapons, nightstalker 3
a: no special abilities


You were on level 3 of the Dungeon.
You visited 1 branch of the dungeon, and saw 3 of its levels.

You collected 161 gold pieces.
You spent 44 gold pieces at shops.

Inventory:

Hand Weapons
 a - a +0 dagger
 b - a +0 short sword (weapon)
Armour
 c - a +0 hat (worn)
 f - a +0 robe (worn)
 g - a +0 cloak (worn)
 p - a +0 pair of gloves (worn)
Jewellery
 l - a ring of flight (left hand)
 o - a ring of fire
 t - a ring of positive energy
 u - a +4 ring of evasion (right hand)
Scrolls
 h - a scroll of enchant armour
 i - 2 scrolls of blinking
 m - a scroll of teleportation {unknown}
 q - a scroll of amnesia
 r - a scroll of immolation {unknown}
 s - a scroll of summoning {unknown}
 v - a scroll of vulnerability {unknown}
Potions
 d - a potion of magic


   Skills:
 * Level 3.6 Short Blades
 - Level 2.4 Dodging
 * Level 5.1 Stealth
 - Level 3.2 Spellcasting
 - Level 1.0 Conjurations
 - Level 1.0 Summonings
 - Level 1.0 Translocations


You had 8 spell levels left.
You knew the following spells:

 Your Spells              Type           Power      Damage    Failure   Level
a - Magic Dart            Conj           16%        1d3       16%         1

Your spell library contained the following spells:

 Spells                   Type           Power      Damage    Failure   Level
 Freeze                   Ice            4%         1d3       24%         1
 Slow                     Hex            4%         N/A       24%         1
 Blink                    Tloc           8%         N/A       24%         2
 Call Imp                 Summ           4%         N/A       24%         2
 Conjure Flame            Conj/Fire      3%         6-21      52%         3
 Mephitic Cloud           Conj/Pois/Air  2%         N/A       54%         3
 Frozen Ramparts          Ice            2%         1d1       58%         3
 Ozocubu's Armour         Ice            1%         N/A       58%         3
 Hailstorm                Conj/Ice       3%         3d3       89%         4
 Metabolic Englaciation   Hex/Ice        0%         N/A       100%        5
 Simulacrum               Ice/Necr       0%         N/A       100%        6


Dungeon Overview and Level Annotations

Branches:
Dungeon (3/15)

Altars:

Shops:
D:1 ?*


Innate Abilities, Weirdness & Mutations

You are small and have problems with some larger weapons.
You are completely attuned to the shadows.


Message History

A puff of flame appears from out of thin air!
The puff of flame hits you.
You barely miss something. Something hits you.
You closely miss something. Something hits you.
You completely miss something.
You hear some strange, mumbled words.
You are confused.
You bump into the rock wall.
Something hits you but does no damage.
You barely miss something. Something hits you.
You hit something but do no damage.
You bump into the rock wall.
You hear some strange, mumbled words.
A magic dart appears from out of thin air!
The magic dart hits you!
You barely miss something.
An orc wizard appears from thin air!
Reactivating autopickup.
The orc wizard closely misses you.
You bump into the rock wall.
The orc wizard casts a spell at you. The puff of flame hits you.
* * * LOW HITPOINT WARNING * * *
You miss the orc wizard.
The orc wizard is almost dead.
You feel less confused.
The orc wizard hits you with a +0 dagger.
* * * LOW HITPOINT WARNING * * *
You closely miss the orc wizard.
The orc wizard is almost dead.
The orc wizard closely misses you.
Okay, then.
You hit the orc wizard.
You kill the orc wizard!
Your Stealth skill increases to level 5!
The air fills with toxic fumes!
As you read the scroll labelled ELATEN YRAOBOLL, it crumbles to dust.
It was a scroll of poison.
The orc hits you with a +0 dagger.
* * * LOW HITPOINT WARNING * * *
Okay, then.
You closely miss the orc. The orc hits you with a +0 dagger.
You die...

#.# #.# ######.#
#####.>....####
#..............
#.###.#########
#.#.......
#§#####§#...####
§o§o@§§§§..<....
#######§#.......
#.#.......
..##......
..+.......


You could see 2 orcs.

Vanquished Creatures
  An orc wizard (D:3)
  A worm (D:2)
  5 dart slugs
  An orc (D:3)
  3 ball pythons (D:1)
  5 endoplasms
  2 giant cockroaches (D:1)
  4 hobgoblins
  10 jackals
  A quokka (D:1)
  2 bats (D:1)
  A frilled lizard (D:1)
  6 goblins
  4 kobolds
  A rat (D:1)
47 creatures vanquished.

Notes
Turn   | Place    | Note
-------+----------+-------------------------------------------
     0 | D:1      | greasedhog the Kobold Hedge Wizard began the quest for the
                  | Orb.
     0 | D:1      | Reached XP level 1. HP: 10/10 MP: 4/4
   109 | D:1      | Reached skill level 3 in Stealth
   115 | D:1      | Reached skill level 1 in Short Blades
   134 | D:1      | Reached XP level 2. HP: 6/15 MP: 6/6
   609 | D:1      | Found Tav Vuha's Magic Scroll Shoppe.
   656 | D:1      | Reached XP level 3. HP: 3/19 MP: 7/7
   933 | D:1      | Bought a scroll of identify for 22 gold pieces
   933 | D:1      | Bought a scroll of identify for 22 gold pieces
  1125 | D:1      | Reached skill level 4 in Stealth
  1265 | D:1      | Found Dicio's General Store.
  1448 | D:1      | Found a faded altar of an unknown god.
  1886 | D:2      | Reached XP level 4. HP: 24/24 MP: 8/8
  3118 | D:3      | Reached skill level 5 in Stealth
  3119 | D:3      | Slain by an orc

Illustrated notes

Levels and vault maps discovered:
D:1:      heliophobic_arrival_ceremonial_halls, layout_loops_ring,
          dreamdust_ecumenical_altar_angels_and_demons, serial_shops,
          shop_statue, nicolae_diamond_shop
D:2:      layout_basic, chequers_garden, amcnicky_mini_pool_small
D:3:      layout_basic, serial_corexii_hall, corexii_hall_statues_x,
          chequers_hall_statues_wall_a, uniq_grinder, uniq_sigmund, uniq_terence

Skill      XL: |  1  2  3  4 |
---------------+-------------+-----
Stealth        | 3 4 5 |  5.1
Short Blades   | 1 2 3 |  3.6
Dodging        | |  2.4
Spellcasting   | |  3.2
Conjurations   | |  1.0
Summonings     | |  1.0
Translocations | |  1.0

Action                   |  1- 3 |  4- 6 || total
-------------------------+-------+-------++-------
Melee: Dagger            |    33 |     6 ||    39
       Short sword       |    94 |    98 ||   192
       Punch             |     2 |     1 ||     3
 Cast: Magic Dart        |     4 |       ||     4
  Use: Scroll            |     4 |     1 ||     5
       Potion            |     1 |     4 ||     5
 Stab: Sleeping          |    11 |     4 ||    15
       Distracted        |       |     1 ||     1
Armor: Robe              |    22 |    18 ||    40
Dodge: Dodged            |    76 |    45 ||   121
